 Dungeon Crawl Stone Soup version 0.25.0-41-g26779e2 (webtiles) character file.

Game seed: 9142830494771118834

284 Gadfly the Insei (level 6, -1/48 HPs)
             Began as a Draconian Transmuter on July 11, 2020.
             Slain by an orc
             ... wielding a +0 whip
              (5 damage)
             ... on level 3 of the Dungeon.
             The game lasted 00:04:09 (3726 turns).

Gadfly the Insei (Draconian Transmuter)             Turns: 3726, Time: 00:04:09

Health: -1/48      AC:  7    Str: 12    XL:     6   Next: 7%
Magic:  19/19      EV: 13    Int: 15    God:
Gold:   155        SH:  0    Dex: 12    Spells: 5/11 levels left

rFire    . . .     SeeInvis .     - Unarmed
rCold    . . .     Gourm    .   (no shield)
rNeg     . . .     Faith    .   (armour unavailable)
rPois    .         Spirit   .   (helmet restricted)
rElec    .         Reflect  .   (no cloak)
rCorr    .         Harm     .   i - +0 pair of gloves
MR       .....                  (no boots)
Stlth    +.........             (no amulet)
HPRegen  0.16/turn              f - ring of magical power
MPRegen  0.16/turn              (no ring)

@: no status effects
A: unfitting armour, cold-blooded, AC +6
a: no special abilities


You were on level 3 of the Dungeon.
You were hungry.

You visited 1 branch of the dungeon, and saw 4 of its levels.

You collected 155 gold pieces.

Inventory:

Missiles
 a - 32 arrows
Armour
 i - a +0 pair of gloves (worn)
Jewellery
 f - a ring of magical power (left hand)
Scrolls
 b - 2 scrolls of teleportation
Potions
 d - a potion of stabbing {unknown}
 e - 3 potions of haste
 g - a potion of lignification
Comestibles
 c - 4 rations


   Skills:
 + Level 2.2 Fighting
 * Level 3.1 Dodging
 * Level 4.1 Unarmed Combat
 * Level 3.2 Spellcasting
 * Level 3.4 Transmutations


You had 5 spell levels left.
You knew the following spells:

 Your Spells              Type           Power        Failure   Level  Hunger
a - Beastly Appendage     Tmut           ##....       4%          1    #......
b - Sticks to Snakes      Tmut           ##......     8%          2    ##.....
c - Spider Form           Tmut/Pois      #.........   28%         3    ###....

Your spell library contained the following spells:

 Spells                   Type           Power        Failure   Level  Hunger
 Ice Form                 Ice/Tmut       #.......     67%         4    #####..
 Blade Hands              Tmut           ##........   80%         5    ######.


Dungeon Overview and Level Annotations

Branches:
Dungeon (4/15)
 Temple: D:4-7

Altars:
Hepliaklqana
Nemelex Xobeh
Vehumet

Annotations:
D:3 2 runed translucent doors, Gadfly's ghost, amateur GrFi


Innate Abilities, Weirdness & Mutations

Your plain brown scales are hard. (AC +6)
You cannot fit into any form of body armour.
You are cold-blooded and may be slowed by cold attacks.


Message History

You hit the hound.
The hound is severely wounded.
The hound bites you but does no damage.
You hit the hound.
The hound is almost dead.
The hound bites you but does no damage.
You hit the hound.
You kill the hound!
You have reached level 6!
Your experience leads to an increase in your attributes!
Increase (S)trength, (I)ntelligence, or (D)exterity?
You feel agile.
Your scales feel tougher.
The orc hits you but does no damage.
You barely miss the orc. The orc hits you but does no damage.
You closely miss the orc. The orc hits you with a +0 whip.
* * * LOW HITPOINT WARNING * * *
You closely miss the orc. You tail-slap the orc.
The orc is heavily wounded.
The orc hits you with a +0 whip.
You die...

#.##÷##÷#######..........#
#.#####...###?...>.......#
#.# ##.....###.....#######
..###.......##.########
##.###.....###..# #...#
##.####...####..# #...#
.....####.##....###...#
.##### #(.##.....o....#
.#######.....#..@.....#
.........##..#.####...#
..###...#......## #>..#
.#....##...###..# #...#
..........##.##.#######
..####....#...#...### .##
#..####.####...#
######.##..#'#..##..#
...)...#..)'.'._.#..#


You could see an orc.

Vanquished Creatures
  2 vampire bats (D:3)
  An orc priest (D:4)
  A hound (D:3)
  An orc wizard (D:4)
  5 adders
  An ooze (D:3)
  2 worms (D:2)
  2 dart slugs
  6 leopard geckos
  An orc (D:3)
  A ball python (D:2)
  13 bats
  A giant cockroach (D:1)
  7 hobgoblins
  8 jackals
  7 kobolds
  A quokka (D:3)
  3 frilled lizards
  A goblin (D:2)
  4 rats (D:1)
68 creatures vanquished.

Notes
Turn   | Place    | Note
-------+----------+-------------------------------------------
     0 | D:1      | Gadfly the Draconian Transmuter began the quest for the
                  | Orb.
     0 | D:1      | Reached XP level 1. HP: 16/16 MP: 3/3
   284 | D:1      | Reached XP level 2. HP: 23/23 MP: 3/5
   288 | D:1      | Learned a level 2 spell: Sticks to Snakes
  1115 | D:2      | Reached XP level 3. HP: 26/28 MP: 6/6
  1667 | D:3      | Found a faded altar of an unknown god.
  1716 | D:3      | Learned a level 3 spell: Spider Form
  1948 | D:3      | Reached XP level 4. HP: 12/36 MP: 7/7
  2403 | D:3      | Found a runed translucent door.
  2403 | D:3      | Noticed a bullfrog
  2405 | D:3      | Noticed Gadfly's ghost (amateur GrFi)
  2421 | D:3      | Found a sparkling altar of Nemelex Xobeh.
  2932 | D:3      | Reached XP level 5. HP: 35/41 MP: 9/9
  3209 | D:3      | Found a radiant altar of Vehumet.
  3209 | D:3      | Found a hazy altar of Hepliaklqana.
  3353 | D:3      | Found a runed translucent door.
  3486 | D:4      | Noticed an ogre
  3494 | D:4      | Reached skill level 4 in Unarmed Combat
  3723 | D:3      | Reached XP level 6. HP: 5/48 MP: 10/10
  3726 | D:3      | Slain by an orc

Illustrated notes

Levels and vault maps discovered:
D:1:      lemuel_arrival_behind_the_door_large, layout_loops_cross,
          kennysheep_nondescript
D:2:      layout_rooms
D:3:      layout_rooms, amethyst_overflow_temple_binary,
          chequers_ecumenical_altar_simple_redux, first_ration,
          ebering_ghost_sewer_f, roderic_batcave, nemelex_dance_club_becter
D:4:      layout_loops_corners, serial_shops, shop, hangedman_decor_lopped,
          uniq_pikel

Skill      XL: |  1  2  3  4  5 |
---------------+----------------+-----
Dodging        | 2 3 |  3.1
Fighting       | 2 |  2.2
Transmutations | 3 |  3.4
Spellcasting   | 3 |  3.2
Unarmed Combat | 4 |  4.1

Action                   |  1- 3 |  4- 6 || total
-------------------------+-------+-------++-------
Melee: Unarmed           |   138 |   152 ||   290
       Kick              |    10 |     7 ||    17
       Tailslap          |    13 |    13 ||    26
       Headbutt          |     8 |     6 ||    14
       Punch             |     1 |     3 ||     4
 Cast: Beastly Appendage |    27 |    14 ||    41
  Use: Scroll            |     5 |     1 ||     6
 Stab: Sleeping          |     1 |       ||     1
  Eat: Chunk             |     4 |     5 ||     9
Armor: Skin              |    42 |   110 ||   152
Dodge: Dodged            |   102 |   200 ||   302
